 Dungeon Crawl Stone Soup version 0.30.0-29-ga12c61a403 (webtiles) character file.

Game seed: 10461229185328739213

917 NateTC the Shooter (level 7, -13/60 HPs)
             Began as a Demigod Hunter on June 5, 2023.
             Mangled by an ogre
             ... wielding a +0 giant club
              (29 damage)
             ... on level 6 of the Dungeon.
             The game lasted 00:11:04 (4571 turns).

NateTC the Shooter (Demigod Hunter)                 Turns: 4571, Time: 00:11:04

Health: -13/60     AC:  9    Str: 12    XL:     7   Next: 53%
Magic:  9/9        EV: 11    Int: 11    God:
Gold:   161        SH:  0    Dex: 25    Spells: 6/6 levels left

rFire   . . .        a - +1 shortbow
rCold   . . .        (shield currently unavailable)
rNeg    . . .        n - +3 ring mail of the Cockatrice {Stlth+}
rPois   .            d - +0 helmet
rElec   .            (no cloak)
rCorr   .            (no gloves)
SInv    .            (no boots)
Will    +....        (no amulet)
Stlth   +++          g - ring of willpower
HPRegen 0.30/turn    (no ring)
MPRegen 0.11/turn

%: no passive effects
@: no status effects
A: high MP 1, forlorn, divine attributes
a: no special abilities


You were on level 6 of the Dungeon.
You visited 1 branch of the dungeon, and saw 6 of its levels.
You also visited: Sewer.

You collected 161 gold pieces.

Inventory:

Hand Weapons
 a - a +1 shortbow (weapon)
Armour
 c - a +1 leather armour
 d - a +0 helmet (worn)
 n - the +3 ring mail of the Cockatrice (worn) {Stlth+}
   (You found it on level 5 of the Dungeon)

   Stlth:     It makes you more stealthy.
Jewellery
 g - a ring of willpower (left hand)
Wands
 i - a wand of roots (20)
Scrolls
 b - 4 scrolls of immolation
 k - 2 scrolls of fear
 m - a scroll of fog
 q - a scroll of vulnerability
Potions
 e - a potion of invisibility {unknown}
 f - a potion of might
 h - 2 potions of curing
 j - a potion of mutation {unknown}
 l - a potion of haste
 o - a potion of brilliance {unknown}
 p - a potion of degeneration {unknown}
 r - a potion of heal wounds


   Skills:
 + Level 4.9 Fighting
 * Level 7.7 Ranged Weapons
 - Level 1.7 Dodging
 - Level 0.8 Stealth


You had 6 spell levels left.
You didn't know any spells.
Your spell library contained the following spells:

 Spells                   Type           Power      Damage    Failure   Level
 Static Discharge         Conj/Air       0%         2-2/arc   77%         2
 Ignite Poison            Fire/Tmut/Pois 0%         N/A       94%         3
 Airstrike                Air            0%         2d(0-16)  100%        4
 Sticky Flame             Conj/Fire      0%         2d3       100%        4
 Summon Lightning Spire   Summ/Air       0%         N/A       100%        4
 Summon Forest            Summ/Tloc      0%         N/A       100%        5
 Summon Mana Viper        Hex/Summ       0%         N/A       100%        5
 Summon Cactus Giant      Summ           0%         N/A       100%        6
 Ignition                 Fire           0%         3d3       100%        8


Dungeon Overview and Level Annotations

Branches:
Dungeon (6/15) Zot: 26956   Sewer (visited)
 Temple: D:4-7

Shops:
D:3 [   D:4 !

Annotations:
D:3 1 runed translucent door, phonic's ghost, amateur SpHs
D:5 3 runed translucent doors, GimliDwarf's ghost, novice DrTm


Innate Abilities, Weirdness & Mutations

You have an increased reservoir of magic. (+10% MP)
You shall have no god before yourself.
Your divine heritage dramatically boosts your attributes as you level up.


Message History

Blork the orc screams, "I'll rip your head off!"
Blork the orc attacks as you move away! Blork the orc closely misses you.
Blork the orc grins evilly.
Blork the orc casts a spell at you. The puff of flame hits you.
Fire: a) +1 shortbow
Press: ? - help, Q - select action, (/) - cycle Shift-Dir - straight line, f/p - Blork the orc
Aim: Blork the orc, wielding a +0 long sword and wearing a +0 robe (severely wounded, 73% to hit)
You shoot an arrow. The arrow hits Blork the orc.
Blork the orc is severely wounded.
Blork the orc begins to cast a cantrip, but forgets the words!
Fire: a) +1 shortbow
Press: ? - help, Q - select action, (/) - cycle Shift-Dir - straight line, f/p - Blork the orc
Aim: Blork the orc, wielding a +0 long sword and wearing a +0 robe (severely wounded, 73% to hit)
You shoot an arrow. The arrow hits Blork the orc!
Blork the orc is almost dead.
Blork the orc points at you and mumbles some strange words.
The puff of frost hits you.
* * * LOW HITPOINT WARNING * * *
Fire: a) +1 shortbow
Press: ? - help, Q - select action, (/) - cycle Shift-Dir - straight line, f/p - Blork the orc
Aim: Blork the orc, wielding a +0 long sword and wearing a +0 robe (almost dead, 73% to hit)
You shoot an arrow. The arrow hits Blork the orc.
You kill Blork the orc!
Fire: a) +1 shortbow
Press: ? - help, Q - select action, (/) - cycle Shift-Dir - straight line, f - shadow imp
Aim: a shadow imp (lightly wounded, 67% to hit)
You shoot an arrow. The arrow hits the shadow imp!
You kill the shadow imp!
Fire: a) +1 shortbow
Press: ? - help, Q - select action, (/) - cycle Shift-Dir - straight line, f - ogre
Aim: an ogre, wielding a +0 giant club (81% to hit)
You shoot an arrow. The arrow closely misses the ogre.
Fire: a) +1 shortbow
Press: ? - help, Q - select action, (/) - cycle Shift-Dir - straight line, f/p - ogre
Aim: an ogre, wielding a +0 giant club (81% to hit)
You shoot an arrow. The arrow hits the ogre!
The ogre is moderately wounded.
The ogre hits you with a +0 giant club!!
You die...

#...#.......#...
#...#..<......#
######...........###
#......######........
#.###...# .#.##.....
#..O# ...< ##.. #.#.#
.#..# . #.#.###.##.#
#.#.)O@.# .#
#.####### .# #. #.


You could see an ogre.

Vanquished Creatures
  A water moccasin (D:2)
  Pargi (Sewer)
  A black bear (D:3)
  Blork the orc (D:6)
  A bullfrog (D:6)
  2 scorpions
  2 howler monkeys
  A hound (D:5)
  An iguana (D:6)
  An orc wizard (D:5)
  6 gnolls
  4 adders
  A shadow imp (D:6)
  An ufetubus (D:5)
  3 worms
  A dart slug (D:4)
  11 orcs
  11 ball pythons
  8 endoplasms
  5 giant cockroaches
  8 goblins
  3 hobgoblins
  4 jackals
  5 kobolds
  8 quokkas
  8 bats
  4 frilled lizards
  4 rats
107 creatures vanquished.

Notes
Turn   | Place    | Note
-------+----------+-------------------------------------------
     0 | D:1      | NateTC the Demigod Hunter began the quest for the Orb.
     0 | D:1      | Reached XP level 1. HP: 17/17 MP: 3/3
   141 | D:1      | Reached XP level 2. HP: 21/24 MP: 4/4
   144 | D:1      | Reached skill level 4 in Ranged Weapons
   766 | D:2      | Reached XP level 3. HP: 30/30 MP: 5/5
  1594 | D:3      | Noticed a black bear
  1598 | D:3      | Killed a black bear
  1599 | D:3      | Reached skill level 5 in Ranged Weapons
  1599 | D:3      | Reached XP level 4. HP: 38/38 MP: 6/6
  1599 | D:3      | Reached XP level 5. HP: 45/45 MP: 7/7
  1631 | D:3      | Found Xiol's Armour Shoppe.
  1704 | D:3      | Found a runed translucent door.
  1704 | D:3      | Noticed phonic's ghost (amateur SpHs)
  2158 | D:4      | Noticed a water moccasin
  2199 | D:3      | HP: 2/45 [poisoned by a water moccasin]
  2391 | D:2      | Killed a water moccasin
  2392 | D:2      | Reached skill level 6 in Ranged Weapons
  2392 | D:2      | Reached XP level 6. HP: 10/52 MP: 8/8
  2725 | D:4      | Found Yfestro's Distillery.
  2824 | D:4      | Found a glowing drain.
  2833 | Sewer    | Entered a sewer
  2854 | Sewer    | Noticed Pargi
  2865 | Sewer    | Killed Pargi
  3584 | D:5      | Entered Level 5 of the Dungeon
  3618 | D:5      | Identified the +3 ring mail of the Cockatrice {Stlth+}
  3756 | D:5      | Found a runed translucent gate.
  3758 | D:5      | Found a runed translucent gate.
  3758 | D:5      | Found a runed translucent gate.
  3759 | D:5      | Noticed GimliDwarf's ghost (novice DrTm)
  3899 | D:5      | Reached skill level 7 in Ranged Weapons
  3899 | D:5      | Reached XP level 7. HP: 60/60 MP: 9/9
  4538 | D:6      | Noticed Blork the orc
  4568 | D:6      | Killed Blork the orc
  4571 | D:6      | Mangled by an ogre

Illustrated notes

Levels and vault maps discovered:
D:1:      dpeg_arrival_long_road, layout_basic, interstate_on_off,
          serial_bayou_pond_d
D:2:      layout_loops_ring, minmay_misc_feat_more_columns
D:3:      layout_basic, serial_shops, shop,
          shapermc_ecumenical_altar_hornbeckon, hellmonk_ghost_happy_afterlife,
          grunt_ministairs_15
D:4:      layout_basic, minitemple, serial_shops, shop,
          cheibrodos_sewer_entry_drain
D:5:      layout_loops_corners, gammafunk_ghost_split,
          dreamdust_mushroom_princess, palyth_stone_intersect
D:6:      layout_basic, zin_scriptorium, uniq_sigmund, uniq_edmund,
          uniq_blork_the_orc

Skill      XL: |  1  2  3  4  5  6 |
---------------+-------------------+-----
Fighting       | 2 3 4 |  4.9
Ranged Weapons | 4 5 6 7 |  7.7
Dodging        | |  1.7
Stealth        | |  0.8

Action                     |  1- 3 |  4- 6 |  7- 9 || total
---------------------------+-------+-------+-------++-------
   Fire: Shortbow          |    99 |   139 |    49 ||   287
    Use: Scroll            |     6 |     3 |     1 ||    10
         Potion            |       |     5 |       ||     5
 Armour: Leather armour    |     3 |    50 |       ||    53
         Skin              |       |     4 |       ||     4
         Ring mail         |       |     8 |    12 ||    20
  Dodge: Dodged            |    16 |   126 |    19 ||   161
